AoeStats
← El.Profesor

Arena

509417328Analyzed
1v1 RM · 7d ago on Sep 26, 2026· 37m 19s· 2 players
Game mode
Random Map
Map size
Tiny (2 player)
Population
200
Speed
Normal
Resources
Standard
Victory
Conquest
Starting age
Dark Age
Ending age
Imperial Age
RankedLock teamsTeams togetherTeam positionsShared explorationLock speedFull tech treeHidden civsTurbo modeCheats
Victory
Defeat
🇹🇷 Burgundians · Türkiye
1060
+17
🇦🇷 Bohemians · Argentina
1091
-17
sefa11
10:10 Feudal Age
15:31 Castle Age
15:36 Horse Collar
15:42 Double-Bit Axe
21:23 Scale Barding Armor
24:21 Chain Barding Armor
25:30 Cavalier
26:11 Husbandry
26:53 Forging
32:10 Imperial Age
33:52 Plate Barding Armor
34:18 Fletching
El.Profesor
0:28 Loom
12:33 Feudal Age
17:06 Castle Age
15:21 Double-Bit Axe
22:56 Imperial Age
23:37 Chemistry
26:28 Town Watch
32:25 Pikeman
Connection lost

Rejoining the realm…

Still unreachable

The connection could not be restored.

Session expired

The server has moved on; the page needs a fresh start.